 Dungeon Crawl Stone Soup version 0.20.0-15-g7f486f2 (webtiles) character file.

10847 KleinerIrrer the Cleaver (level 11, -19/101 HPs)
             Began as a Minotaur Berserker on June 25, 2017.
             Was a Priest of Trog.
             Demolished by an orc warlord
             ... wielding a cursed -2 bardiche
              (30 damage)
             ... on level 9 of the Dungeon.
             The game lasted 00:21:09 (7464 turns).

KleinerIrrer the Cleaver (Minotaur Berserker)       Turns: 7464, Time: 00:21:09

Health: -19/101    AC: 12    Str: 24    XL:     11   Next: 41%
Magic:  10/10      EV: 11    Int:  4    God:    Trog [***...]
Gold:   344        SH:  0    Dex: 11    Spells: 10/10 levels left

rFire    . . .     SeeInvis .   i - +2 battleaxe (freeze)
rCold    . . .     Gourm    .   (shield currently unavailable)
rNeg     . . .     Faith    .   t - +0 chain mail
rPois    .         Spirit   .   G - +0 hat {MR+}
rElec    .         Reflect  .   (no cloak)
rCorr    .         Harm     .   (no gloves)
MR       +++..                  (no boots)
Stlth    ..........             (no amulet)
Regen    1.3/turn               (no ring)
MPRegen  0.2/turn               (no ring)

@: berserk cooldown, regenerating, slowed, very slow
A: retaliatory headbutt, horns 2
a: Berserk, Trog's Hand, Burn Spellbooks, Renounce Religion


You were on level 9 of the Dungeon.
You worshipped Trog.
Trog was most pleased with you.
You were near starving.

You visited 2 branches of the dungeon, and saw 10 of its levels.

You collected 408 gold pieces.
You spent 64 gold pieces at shops.

Inventory:

Hand Weapons
 a - a +0 hand axe
 i - a +2 battleaxe of freezing (weapon)
Armour
 c - a +0 ring mail of fire resistance
 t - a +0 chain mail (worn)
 G - a +0 hat of magic resistance (worn)
 H - a +0 robe of resistance
 I - a +0 plate armour
Jewellery
 o - an uncursed ring of poison resistance {unknown}
Wands
 q - a wand of polymorph (9/24)
 u - a wand of lightning (4/15)
 w - a wand of flame (25/48)
 y - a wand of lightning (9/15)
 B - a wand of confusion (24/48)
 D - a wand of confusion (27/48)
Scrolls
 l - 2 scrolls of remove curse
 r - 6 scrolls of teleportation
 A - a scroll of magic mapping
 F - a scroll of blinking
Potions
 d - a potion of curing
 e - a potion of magic
 f - a potion of resistance
 h - a potion of degeneration {unknown}
 m - a potion of mutation {unknown}
 n - a potion of ambrosia {unknown}
 p - 2 potions of lignification {unknown}
 s - 2 potions of flight
 v - 2 potions of heal wounds
 z - a potion of agility {unknown}
 E - a potion of berserk rage {unknown}
Books
 x - a book of Cantrips

   Spells                             Type                      Level
   a - Confusing Touch                Hexes                        1
   b - Animate Skeleton               Necromancy                   1
   c - Summon Small Mammal            Summoning                    1
   d - Apportation                    Translocation                1
   Trog disapproves of the use of such an item.
Comestibles
 g - 6 fruits
 j - 3 meat rations
 k - 6 royal jellies
 C - 2 bread rations


   Skills:
 + Level 10.7 Fighting
 + Level 14.3 Axes
 + Level 11.6 Armour
 + Level 5.0 Dodging


You had 10 spell levels left.
You didn't know any spells.

Dungeon Overview and Level Annotations

Branches:
Dungeon (9/15)                Orc (1/2) D:9
 Temple: D:4-7         Lair: D:8-11

Altars:
Cheibriados
Elyvilon
Nemelex Xobeh
Qazlal
Sif Muna
Vehumet
Xom

Shops:
D:6 (   D:7 ?   D:8 [


Innate Abilities, Weirdness & Mutations

You reflexively headbutt those who attack you in melee.
You have a pair of horns on your head.


Message History

You slash the orc warlord! You freeze the orc warlord.
Your headbutt misses the orc warlord.
The orc warlord is severely wounded.
The orc warlord hits you with a bardiche!!
* * * LOW HITPOINT WARNING * * *
Your chain mail prevents you from hitting the orc warlord.
The orc warlord is severely wounded.
You are no longer berserk.
You are exhausted.
You feel yourself slow down.
You slash the orc warlord! You freeze the orc warlord.
Your headbutt misses the orc warlord.
The orc warlord is severely wounded.
The orc warlord hits you with a bardiche.
* * * LOW HITPOINT WARNING * * *
You are near starving!
You slice the orc warlord!! You freeze the orc warlord.
The orc warlord is almost dead.
The orc warlord hits you with a bardiche!!
You die...

#..........#
#...p......# #
#..........# #
#.....[.[..# #
##........## #
##..........#
###.........?.###
##.............)##
#.$#..........#o@#
#.##..........####
)..##........##
...###.......#
##..#........###
.......###.....#
.........#.....#
.......#.......#
......####.....#


You could see an orc warlord.

Vanquished Creatures
  Gastronok (D:9)
  A two-headed ogre (D:8)
  Pikel (D:9)
  An orc knight (D:9)
  An ugly thing (D:8)
  A salamander (Orc:1)
  An orc sorcerer (Orc:1)
  3 cyclopes (Orc:1)
  The ghost of Xenophilius the Firebug, a novice DEFE of Sif Muna (D:7)
  Maurice (D:8)
  Psyche (D:8)
  A molten gargoyle (Orc:1)
  4 hogs (D:8)
  A steam dragon (D:9)
  Grum (D:8)
  A human (D:8)
  3 orc warriors
  2 sky beasts
  2 slaves (D:9)
  An ice beast (D:8)
  4 black bears
  2 phantoms (D:6)
  2 ogres (D:9)
  2 centaurs (D:8)
  5 wolves
  A bullfrog (D:6)
  2 scorpions (D:7)
  4 wights (D:8)
  6 killer bees (D:7)
  3 howler monkeys (D:8)
  A quasit (D:8)
  A bullfrog zombie (D:9)
  A bullfrog skeleton (D:4)
  3 hounds
  4 orc priests
  A worker ant (D:6)
  An iguana (D:4)
  6 orc wizards
  A gnoll (D:1)
  13 adders
  3 shadow imps
  An adder skeleton (D:6)
  An adder zombie (D:7)
  2 worms
  3 dart slugs
  A leopard gecko (D:8)
  17 orcs
  5 giant cockroaches (D:1)
  3 hobgoblins
  7 jackals
  2 ball pythons
  A bat (D:3)
  3 frilled lizards
  2 goblins
  A jackal zombie (D:8)
  2 kobolds
  2 leopard gecko skeletons
  4 rats
  A fire vortex (Orc:1)
153 creatures vanquished.

Notes
Turn   | Place    | Note
-------+----------+-------------------------------------------
     0 | D:1      | KleinerIrrer the Minotaur Berserker began the quest for the Orb.
     0 | D:1      | Reached XP level 1. HP: 19/19 MP: 0/0
   148 | D:1      | Reached XP level 2. HP: 25/27 MP: 1/1
   174 | D:1      | Reached skill level 4 in Axes
   391 | D:1      | Reached XP level 3. HP: 5/33 MP: 2/2
   914 | D:2      | Found a snail-covered altar of Cheibriados.
  1265 | D:3      | Reached ** piety under Trog
  1346 | D:3      | Found a radiant altar of Vehumet.
  1361 | D:3      | Reached skill level 5 in Axes
  1494 | D:4      | Reached XP level 4. HP: 37/40 MP: 3/3
  1811 | D:4      | Reached XP level 5. HP: 45/47 MP: 4/4
  1831 | D:5      | Entered Level 5 of the Dungeon
  1881 | D:5      | Reached skill level 6 in Axes
  1959 | D:6      | Noticed a black bear
  1968 | D:6      | Killed a black bear
  1968 | D:6      | Reached skill level 5 in Fighting
  2142 | D:6      | Reached XP level 6. HP: 52/56 MP: 5/5
  2200 | D:6      | Found Qerora Wuyky's Weapon Boutique.
  2242 | D:6      | Noticed an orc warrior
  2257 | D:6      | Killed an orc warrior
  2257 | D:6      | Reached skill level 7 in Axes
  2614 | D:6      | Reached XP level 7. HP: 33/61 MP: 6/6
  2649 | D:6      | Reached skill level 8 in Axes
  2989 | D:6      | Found a white marble altar of Elyvilon.
  3029 | D:6      | Found a deep blue altar of Sif Muna.
  3096 | D:7      | Reached skill level 5 in Armour
  3222 | D:7      | Found a sparkling altar of Nemelex Xobeh.
  3314 | D:7      | Noticed Xenophilius's ghost (novice DEFE)
  3326 | D:7      | Killed Xenophilius's ghost
  3326 | D:7      | Reached skill level 9 in Axes
  3326 | D:7      | Reached XP level 8. HP: 71/71 MP: 7/7
  3936 | D:7      | Found Inaholas's Magic Scroll Boutique.
  3944 | D:7      | Bought a scroll of identify for 32 gold pieces
  3944 | D:7      | Bought a scroll of identify for 32 gold pieces
  4043 | D:8      | Reached *** piety under Trog
  4098 | D:8      | Noticed Psyche
  4099 | D:8      | Noticed Maurice
  4449 | D:8      | Noticed a two-headed ogre
  4462 | D:8      | HP: 2/109 [two-headed ogre/giant spiked club (11)]
  4463 | D:8      | Killed a two-headed ogre
  4463 | D:8      | Reached skill level 10 in Axes
  4463 | D:8      | Reached XP level 9. HP: 3/80 MP: 8/8
  4923 | D:8      | Found a shimmering altar of Xom.
  4958 | D:8      | Killed Psyche
  4992 | D:8      | Killed Maurice
  4992 | D:8      | Reached skill level 11 in Axes
  5018 | D:8      | Found a stormy altar of Qazlal.
  5140 | D:8      | Noticed Grum
  5141 | D:8      | Found Xytyxul's Antique Armour Shoppe.
  5147 | D:8      | Killed Grum
  5379 | D:8      | Reached skill level 10 in Armour
  5379 | D:8      | Reached XP level 10. HP: 90/90 MP: 9/9
  5423 | D:8      | Noticed a green ugly thing
  5429 | D:8      | Killed a green ugly thing
  5612 | D:8      | Reached skill level 12 in Axes
  5932 | D:9      | Reached **** piety under Trog
  6167 | D:9      | Noticed Gastronok
  6357 | D:9      | Killed Gastronok
  6357 | D:9      | Reached skill level 10 in Fighting
  6357 | D:9      | Reached skill level 13 in Axes
  6412 | D:9      | Found a staircase to the Orcish Mines.
  6413 | D:9      | Noticed Pikel
  6420 | D:9      | Killed Pikel
  6420 | D:9      | Reached XP level 11. HP: 98/100 MP: 10/10
  6444 | Orc:1    | Entered Level 1 of the Orcish Mines
  6444 | Orc:1    | Noticed an orc sorcerer
  6449 | Orc:1    | Killed an orc sorcerer
  6459 | Orc:1    | Reached skill level 5 in Dodging
  6576 | D:9      | Noticed an orc knight
  6584 | D:9      | Killed an orc knight
  6807 | Orc:1    | Reached skill level 14 in Axes
  6893 | Orc:1    | Noticed an ettin
  7175 | Orc:1    | Noticed an orc warlord
  7464 | D:9      | Demolished by an orc warlord

Skill      XL: |  1  2  3  4  5  6  7  8  9 10 11 |
---------------+----------------------------------+-----
Axes           | 4 5 6 7 9 10 11 13 14 | 14.3
Fighting       | 4 5 6 7 8 10 | 10.7
Dodging        | 3 4 5 |  5.0
Armour         | 3 6 8 10 11 | 11.6

Action                   |  1- 3 |  4- 6 |  7- 9 | 10-12 || total
-------------------------+-------+-------+-------+-------++-------
Melee: Hand axe          |    61 |    84 |   139 |       ||   284
       Headbutt          |     7 |    15 |    38 |    42 ||   102
       Battleaxe         |       |       |    16 |   148 ||   164
Invok: Berserk           |       |     1 |     5 |     4 ||    10
       Trog's Hand       |       |       |       |     5 ||     5
  Use: Scroll            |       |     4 |     7 |     1 ||    12
       Potion            |       |       |     1 |       ||     1
 Stab: Sleeping          |     1 |       |       |       ||     1
  Eat: Chunk             |     2 |     4 |     6 |     9 ||    21
       Bread ration      |       |       |     1 |       ||     1
       Meat ration       |       |       |     1 |       ||     1
Armor: Animal skin       |     7 |       |       |       ||     7
       Chain mail        |       |    43 |    85 |    74 ||   202
Dodge: Dodged            |    26 |    38 |    81 |    77 ||   222
